 Dungeon Crawl Stone Soup version 0.31-a0-236-g9a0961fb85 (webtiles) character file.

Game seed: 10062933855065182857

368 cforsyth the Ruffian (level 6, 0/55 HPs)
             Began as an Ogre Transmuter on July 11, 2023.
             Slain by an ice beast (10 damage)
             ... on level 4 of the Dungeon.
             The game lasted 00:05:27 (3987 turns).

cforsyth the Ruffian (Ogre Transmuter)              Turns: 3987, Time: 00:05:27

Health: 0/55       AC:  2    Str: 15    XL:     6   Next: 69%
Magic:  6/9        EV: 18    Int: 16    God:
Gold:   188        SH:  0    Dex: 14    Spells: 3/9 levels left

rFire   . .          .
                       - Unarmed
rCold   . . .        (shield currently unavailable)
rNeg    . . .        a - melded +0 robe
rPois   x            (helmet currently unavailable)
rElec   .            t - melded +0 cloak
rCorr   .            (gloves unavailable)
SInv    .            (boots unavailable)
Will    .....        (no amulet)
Stlth   +            (no ring)
HPRegen 0.29/turn    (no ring)
MPRegen 0.11/turn

%: no passive effects
@: spider-form
A: venomous fangs, tiny, unfitting armour, (tough skin 1)
a: End Transformation


You were on level 4 of the Dungeon.
You were a venomous arachnid creature.
You visited 1 branch of the dungeon, and saw 5 of its levels.

You collected 188 gold pieces.

Inventory:

Missiles
 i - 2 throwing nets
Armour
 a - a +0 robe (melded)
 t - a +0 cloak (melded)
Jewellery
 l - a ring of wizardry
 q - a ring of willpower
Wands
 w - a wand of flame (7)
Scrolls
 b - 2 scrolls of enchant armour {unknown}
 c - a scroll of silence {unknown}
 d - 2 scrolls of fog {unknown}
 e - 2 scrolls of vulnerability {unknown}
 g - 2 scrolls of identify {unknown}
 h - a scroll of noise {unknown}
 k - a scroll of brand weapon {unknown}
 m - 2 scrolls of teleportation {unknown}
 n - a scroll of fear {unknown}
 u - a scroll of blinking {unknown}
Potions
 f - a potion of mutation {unknown}
 j - 2 potions of curing {unknown}
 o - a potion of might {unknown}
 p - a potion of attraction {unknown}
 r - a potion of heal wounds {unknown}
 s - a potion of brilliance {unknown}
 v - a potion of degeneration {unknown}


   Skills:
 - Level 1.3 Fighting
 - Level 1.7 Dodging
 + Level 6.7 Unarmed Combat
 - Level 2.4 Spellcasting
 - Level 1.7 Transmutations


You had 3 spell levels left.
You knew the following spells:

 Your Spells              Type           Power      Damage    Failure   Level
a - Beastly Appendage     Tmut           14%        N/A       24%         1
b - Wereblood             Tmut           7%         N/A       32%         2
c - Spider Form           Tmut/Pois      4%         N/A       61%         3

Your spell library contained the following spells:

 Spells                   Type           Power      Damage    Failure   Level
 Ice Form                 Ice/Tmut       4%         N/A       92%         4


Dungeon Overview and Level Annotations

Branches:
Dungeon (5/15)
 Temple: D:4-7

Altars:

Annotations:
D:3 Grinder


Innate Abilities, Weirdness & Mutations

You are a venomous arachnid creature.
You have venomous fangs.
You are tiny and dextrous.
Your spellcasting is less reliable in this form.
Your armour is entirely melded.
You are incapable of wielding weapons or throwing items.
You are too large for most types of armour.
((You have tough skin. (AC +1)))


Message History

You climb upwards.
There is a stone staircase leading down here.
The scorpion attacks as you move away! The scorpion stings you.
The scorpion attacks as you move away! The scorpion stings you.
The ice beast barely misses you. The scorpion attacks as you move away!
The scorpion stings you.
You are poisoned.
The scorpion poisons you!
You feel very sick.
You feel sick.
The scorpion falls through a shaft!
The shaft crumbles and collapses.
Casting: Beastly Appendage (safe; 10% risk of failure)
Confirm with . or Enter, or press ? or * to list all spells.
You don't know that spell.
You feel sick.
You feel sick.
You feel sick.
You feel sick.
You feel sick.
Casting: Beastly Appendage (safe; 10% risk of failure)
Confirm with . or Enter, or press ? or * to list all spells.
You turn into a venomous arachnid creature.
Your +0 cloak melds into your body.
Your +0 robe melds into your body.
You feel sick.
The ice beast hits you but does no damage.
You bite the ice beast!
The ice beast is moderately wounded.
You feel sick. The ice beast misses you.
You hit the ice beast but do no damage.
The ice beast is moderately wounded.
You feel sick.
You are no longer poisoned.
The ice beast hits you. The ice beast freezes you!
* * * LOW HITPOINT WARNING * * *
You bite the ice beast!
The ice beast is severely wounded.
The ice beast hits you.
* * * LOW HITPOINT WARNING * * *
The ice beast freezes you!
You die...

## #.# #### #.#### ...#
##...## ######
######.....###..s.#
##......^###Y#.#
#.^....^..##.#.#
###.^..........#.######
##............###......#
.....^^.>^...## ######.#
##.#........^# #.#
#.##......^## #.#
#.###.....## #.#


You could see an ice beast.

Vanquished Creatures
  Sigmund (D:2)
  Natasha (thrice) (D:2)
  An orc wizard (D:4)
  2 adders (D:3)
  3 worms (D:4)
  2 dart slugs
  10 orcs
  6 ball pythons
  8 bats
  3 endoplasms (D:1)
  4 giant cockroaches
  5 goblins
  6 hobgoblins
  4 jackals (D:1)
  A quokka (D:1)
  A frilled lizard (D:3)
  4 kobolds (D:1)
  3 rats
67 creatures vanquished.

Notes
Turn   | Place    | Note
-------+----------+-------------------------------------------
     0 | D:1      | cforsyth the Ogre Transmuter began the quest for the Orb.
     0 | D:1      | Reached XP level 1. HP: 19/19 MP: 3/3
    84 | D:1      | Reached skill level 3 in Unarmed Combat
   156 | D:1      | Reached XP level 2. HP: 23/27 MP: 3/5
   491 | D:1      | Reached XP level 3. HP: 32/33 MP: 4/6
   834 | D:2      | Noticed Sigmund
   842 | D:2      | Killed Sigmund
   843 | D:2      | Reached skill level 5 in Unarmed Combat
   843 | D:2      | Reached XP level 4. HP: 41/41 MP: 5/7
   843 | D:2      | Reached XP level 5. HP: 48/48 MP: 5/8
  1115 | D:2      | Noticed Natasha
  1123 | D:2      | Killed Natasha
  1252 | D:2      | Identified the +7 hand axe of Symmetry {distort, rPois
                  | rCorr Stlth+}
  1398 | D:2      | Noticed Natasha
  1403 | D:2      | Killed Natasha
  1404 | D:2      | Reached skill level 6 in Unarmed Combat
  1404 | D:2      | Reached XP level 6. HP: 55/55 MP: 7/9
  1405 | D:2      | Noticed Natasha
  1419 | D:2      | Killed Natasha
  2043 | D:2      | Learned a level 2 spell: Wereblood
  2047 | D:2      | Learned a level 3 spell: Spider Form
  3444 | D:4      | Noticed Grinder
  3694 | D:5      | Entered Level 5 of the Dungeon
  3694 | D:5      | Noticed an ice beast
  3987 | D:4      | Slain by an ice beast

Illustrated notes

Levels and vault maps discovered:
D:1:      evilmike_arrival_hilbert_curve, layout_loops_ring
D:2:      layout_loops_cross, uniq_natasha, uniq_sigmund
D:3:      layout_rooms, minmay_cut_off
D:4:      minmay_bubble_buster, layout_loops_ring, mainiacjoe_overflow_alcove_1,
          nicolae_wormholes, uniq_grinder
D:5:      layout_cave_pools, kennysheep_mini, serial_shops, shop,
          lightli_church_of_beogh

Skill      XL: |  1  2  3  4  5 |
---------------+----------------+-----
Unarmed Combat | 3 5 6 |  6.7
Fighting       | |  1.3
Dodging        | |  1.7
Spellcasting   | |  2.4
Transmutations | |  1.7

Action                     |  1- 3 |  4- 6 || total
---------------------------+-------+-------++-------
  Melee: Unarmed           |    87 |   113 ||   200
         Kick              |    14 |    25 ||    39
         Headbutt          |    10 |    11 ||    21
         Punch             |     1 |     1 ||     2
   Cast: Beastly Appendage |    14 |    24 ||    38
         Wereblood         |       |     6 ||     6
         Spider Form       |       |     2 ||     2
    Use: Potion            |     1 |       ||     1
 Armour: Robe              |    29 |    19 ||    48
         Skin              |     4 |     7 ||    11
  Dodge: Dodged            |    37 |    52 ||    89

Table legend: (Time is in decaauts)
 A = Elapsed time spent in this place.
 B = Non-inter-level travel time spent in this place.
 C = Inter-level travel time spent in this place.
 D = Time resting spent in this place.
 E = Time spent auto-exploring this place.
 F = Levels seen in this place.
 G = Mean time per level.
                   A        B        C        D        E       F      G
               +--------+--------+--------+--------+--------+-----+--------+
         Total |   3974 |   3922 |     52 |    547 |   2784 |   5 |  794.8 |
       Dungeon |   3974 |   3922 |     52 |    547 |   2784 |   5 |  794.8 |
               +--------+--------+--------+--------+--------+-----+--------+

Top non-repeatable levels by time:
     D:2: 1312 daAuts
     D:3: 931 daAuts
     D:4: 896 daAuts
     D:1: 829 daAuts
     D:5: 4 daAuts
